 Dungeon Crawl Stone Soup version 0.31-a0-8-gd14b0f4ee2 (webtiles) character file.

Game seed: 12999997684614290558

2 p3n3tr4t3 the Insei (level 1, 0/15 HPs)
             Began as a Merfolk Transmuter on May 6, 2023.
             Slain by a ball python (2 damage)
             ... on level 1 of the Dungeon.
             The game lasted 00:02:46 (105 turns).

p3n3tr4t3 the Insei (Merfolk Transmuter)             Turns: 105, Time: 00:02:46

Health: 0/15       AC:  2    Str: 10    XL:     1   Next: 40%
Magic:  3/3        EV:  9    Int: 12    God:
Gold:   0          SH:  0    Dex: 14    Spells: 3/4 levels left

rFire   . .          .
                       - Unarmed
rCold   . . .        (no shield)
rNeg    . . .        a - +0 robe
rPois   .            (no helmet)
rElec   .            (no cloak)
rCorr   .            (no gloves)
SInv    .            (no boots)
Will    .....        (no amulet)
Stlth   +            (no ring)
HPRegen 0.22/turn    (no ring)
MPRegen 0.08/turn

%: no passive effects
@: constricted
A: (nimble swimmer 2), mertail
a: no special abilities


You were on level 1 of the Dungeon.
You visited 1 branch of the dungeon, and saw 1 of its levels.

Inventory:

Armour
 a - a +0 robe (worn)
Potions
 b - a potion of lignification


   Skills:
 + Level 1.1 Fighting
 + Level 2.7 Dodging
 + Level 3.4 Unarmed Combat
 + Level 2.0 Spellcasting
 + Level 2.7 Transmutations


You had 3 spell levels left.
You knew the following spells:

 Your Spells              Type           Power      Damage    Failure   Level
a - Beastly Appendage     Tmut           14%        N/A       9%          1

Your spell library contained the following spells:

 Spells                   Type           Power      Damage    Failure   Level
 Wereblood                Tmut           7%         N/A       14%         2
 Spider Form              Tmut/Pois      4%         N/A       43%         3
 Ice Form                 Ice/Tmut       4%         N/A       83%         4


Dungeon Overview and Level Annotations

Branches:
Dungeon (1/15)

Altars:
Ashenzari


Innate Abilities, Weirdness & Mutations

((You are very nimble when in or above water. (Stealth+, EV+, Speed+++)))
Your lower body shifts to a powerful aquatic tail in water.


Message History

The bat closely misses you. The bat barely misses you. The bat misses you.
You closely miss the bat. The bat barely misses you. x2
The bat closely misses you. The bat barely misses you.
The giant cockroach waves its antennae.
The giant cockroach attacks as you move away!
The giant cockroach closely misses you. The bat hits you.
You hit the bat.
The bat is moderately wounded.
The bat hits you but does no damage.
The giant cockroach bites you but does no damage.
The giant cockroach attacks as you move away!
The giant cockroach bites you but does no damage.
The bat closely misses you.
The ball python hisses angrily.
The giant cockroach completely misses you.
The bat hits you. The bat hits you. The bat barely misses you.
The giant cockroach bites you. The quokka closely misses you.
Okay, then.
Press: ? - help, v - describe, . - travel The floor.
The bat closely misses you. The giant cockroach closely misses you.
The bat hits you but does no damage. The quokka barely misses you.
The ball python closely misses you. The ball python completely misses you.
The giant cockroach bites you but does no damage.
The quokka bites you. The ball python bites you.
The ball python closely misses you. The giant cockroach closely misses you.
The quokka barely misses you. The bat completely misses you.
The bat barely misses you. The ball python completely misses you.
The ball python closely misses you. The giant cockroach bites you.
The quokka barely misses you. The bat hits you but does no damage.
The ball python barely misses you. The ball python grabs you.
The ball python constricts you. The giant cockroach bites you.
The quokka bites you.
* * * LOW HITPOINT WARNING * * *
The ball python bites you.
You die...

..# #'##. ..#
#.##. #.# #'##[
... #.##. #.#
#.... # #.#
#####.#####. #.
#.# #.........[.
..
###.###.########..
#.#.#@B..##.## #..
#..b.Sr#.....# #..
###.#..###†#...#
#.. #...##)..###.#
##. #........( #
#. #.#.#.._..# #.
#...#!...[. #.
#..###..(##. ## #
. #.### .


You could see a quokka, a giant cockroach, a bat and a ball python.

Vanquished Creatures
  A giant cockroach (D:1)
  A frilled lizard (D:1)
  A kobold (D:1)
3 creatures vanquished.

Notes
Turn   | Place    | Note
-------+----------+-------------------------------------------
     0 | D:1      | p3n3tr4t3 the Merfolk Transmuter began the quest for the
                  | Orb.
     0 | D:1      | Reached XP level 1. HP: 15/15 MP: 3/3
    87 | D:1      | Found a broken altar of Ashenzari.
   105 | D:1      | Slain by a ball python

Illustrated notes

Levels and vault maps discovered:
D:1:      minmay_arrival_doors, layout_loops_ring, minmay_hexomino_r4

Action                     || total
---------------------------++-------
  Melee: Unarmed           ||     5
   Stab: Sleeping          ||     1
 Armour: Robe              ||     6
  Dodge: Dodged            ||    30

Table legend: (Time is in decaauts)
 A = Elapsed time spent in this place.
 B = Non-inter-level travel time spent in this place.
 C = Inter-level travel time spent in this place.
 D = Time resting spent in this place.
 E = Time spent auto-exploring this place.
 F = Levels seen in this place.
 G = Mean time per level.
                   A        B        C        D        E       F      G
               +--------+--------+--------+--------+--------+-----+--------+
         Total |    104 |    104 |      0 |      0 |     56 |   1 |  104.0 |
       Dungeon |    104 |    104 |      0 |      0 |     56 |   1 |  104.0 |
               +--------+--------+--------+--------+--------+-----+--------+

Top non-repeatable levels by time:
     D:1: 104 daAuts
